 Dungeon Crawl Stone Soup version 0.19-a0-1013-g40768a3 (webtiles) character file.

8941 poirepourri the Cleaver (level 11, -6/103 (104) HPs)
             Began as a Minotaur Fighter on July 24, 2016.
             Was a High Priest of Trog.
             Mangled by an ettin
             ... wielding a +0 dire flail
              (32 damage)
             ... on level 10 of the Dungeon.
             The game lasted 00:16:35 (8833 turns).

poirepourri the Cleaver (Minotaur Fighter)          Turns: 8833, Time: 00:16:36

HP:   -6/103 (104)  AC: 14    Str: 24    XL:     11   Next: 16%
MP:   10/10         EV: 10    Int:  5    God:    Trog [*****.]
Gold: 286           SH: 13    Dex: 10    Spells: 0 memorised, 10 levels left

rFire  + . .     SeeInvis .     a - +5 war axe
rCold  . . .     Gourm    .     b - +2 scale mail
rNeg   . . .     Faith    .     c - +2 shield
rPois  +         Spirit   .     (helmet restricted)
rElec  .         Dismiss  .     L - +0 cloak
rCorr  .         Reflect  .     (no gloves)
SustAt .         Harm     .     k - +2 pair of boots
MR     .....                    (no amulet)
Stlth  ..........               s - ring of poison resistance
                                d - ring of protection from fire

@: not resistant to hostile enchantments, extremely unstealthy
A: retaliatory headbutt, horns 2
a: Berserk, Trog's Hand, Brothers in Arms, Burn Spellbooks, Renounce Religion


You were on level 10 of the Dungeon.
You worshipped Trog.
Trog was extremely pleased with you.
You were not hungry.

You visited 2 branches of the dungeon, and saw 11 of its levels.

You collected 486 gold pieces.
You spent 200 gold pieces at shops.

Inventory:

Hand Weapons
 a - a +5 war axe (weapon)
Armour
 b - a +2 scale mail (worn)
 c - a +2 shield (worn)
 k - a +2 pair of boots (worn)
 L - a +0 cloak (worn)
Jewellery
 d - a ring of protection from fire (left hand)
 e - an uncursed ring of fire
 h - an uncursed ring of magical power
 q - an uncursed ring of stealth {unknown}
 s - a ring of poison resistance (right hand)
 v - an uncursed ring of see invisible {unknown}
 H - a +4 ring of dexterity {unknown}
Wands
 w - a wand of slowing (8/48)
 B - a wand of polymorph (17/24)
 C - a wand of confusion (12/48)
 D - a wand of acid (0/15)
 J - a wand of teleportation (6/9)
 K - a wand of lightning (8/15)
Scrolls
 j - 3 scrolls of teleportation
 t - a scroll of vulnerability {unknown}
 u - a scroll of amnesia
 x - a scroll of recharging {unknown}
 y - 4 scrolls of fog
 E - 2 scrolls of remove curse
 M - a scroll of acquirement {unknown}
 N - a scroll of enchant armour
 O - a scroll of blinking
Potions
 l - 2 potions of curing
 m - a potion of cure mutation
 n - a potion of resistance
 o - a potion of mutation
 p - 2 potions of haste
 r - 2 potions of heal wounds
 z - a potion of invisibility {unknown}
 A - a potion of lignification {unknown}
 F - a potion of berserk rage {unknown}
Comestibles
 f - 6 bread rations
 g - 5 meat rations
 i - 25 fruits
 G - a royal jelly
 I - a beef jerky


   Skills:
 + Level 12.3 Fighting
 + Level 13.3 Axes
 + Level 6.4 Armour
 + Level 5.3 Dodging
 - Level 0.5 Stealth
 + Level 6.9 Shields
 + Level 1.1 Evocations


You had 10 spell levels left.
You didn't know any spells.

Dungeon Overview and Level Annotations

Branches:
Dungeon (10/15)            Temple (1/1) D:7            Lair (0/6) D:9
    Orc: D:9-12

Altars:
Ashenzari
Cheibriados
Dithmenos
Elyvilon
Fedhas
Gozag
Hepliaklqana
Kikubaaqudgha
Makhleb
Nemelex Xobeh
Okawaru
Pakellas
Qazlal
Ru
Sif Muna
Trog
Uskayaw
Vehumet
Xom
Yredelemnul
Zin
The Shining One
Beogh

Shops:
D:5 :   D:6 *!

Portals:
Trove: D:10 (give wand of heal wounds (9))


Innate Abilities, Weirdness & Mutations

You reflexively headbutt those who attack you in melee.
You have a pair of horns on your head.


Message History

You slice the ettin!!
The ettin is moderately wounded.
You block the ettin's attack. The ettin hits you with a dire flail!!!
You slash the ettin!
The ettin is heavily wounded.
You block the ettin's attack. x2
You hit the ettin but do no damage. You headbutt the ettin.
The ettin is heavily wounded.
The ettin hits you with a dire flail! You block the ettin's attack.
You barely miss the ettin.
The ettin is heavily wounded.
You completely miss the ettin. You headbutt the ettin!
The ettin is severely wounded.
You block the ettin's attack. The ettin barely misses you.
You slash the ettin! Your headbutt misses the ettin.
The ettin is almost dead.
The ettin hits you with a dire flail!!
* * * LOW HITPOINT WARNING * * *
The ettin hits you with a dire flail!!
You die...

############ #..........####
#.............# #..##########.#
######## #..#..#W.#..#.########
.......#####..#.@Ce.'..#.........
.......'......##'####'##.........
.......#####..#..# #.........
.......# ##.#..# #.........
.......# #.##'#######.........
######## #.#..'..'..#......).. .#
#.#..#..#..'.#####'## .##
#.##########.# #..# ..##
#............# ##.#


You could see an ettin, a deep elf archer and a wraith.

Vanquished Creatures
  Pikel (D:7)
  2 hill giants (D:10)
  An elephant (D:9)
  The ghost of Xiguana the Insei, a novice DsGl of Ashenzari (D:5)
  Grinder (D:6)
  A troll (D:8)
  A shadow (D:10)
  Sigmund (D:6)
  A wyvern (D:9)
  A hippogriff (D:9)
  Menkaure (D:6)
  4 ice beasts
  4 sky beasts
  2 phantoms
  4 slaves (D:7)
  10 ogres
  5 orc warriors
  A necrophage (D:10)
  3 centaurs
  A crocodile (D:9)
  5 giant frogs
  2 big kobolds
  2 gnoll sergeants
  4 scorpions
  13 wights
  A howler monkey (D:9)
  4 crimson imps
  A giant frog zombie (D:6)
  A quasit (D:9)
  A wasp zombie (D:10)
  3 centaur zombies
  2 jellies
  7 orc priests
  8 orc wizards
  A gnoll shaman (D:8)
  3 hounds
  3 iguanas
  6 worker ants
  A sheep (D:9)
  2 hound zombies
  4 hound skeletons
  A mummy (D:8)
  15 gnolls
  9 adders
  3 shadow imps
  An ooze (D:3)
  4 worms
  2 dart slugs
  5 giant geckos
  53 orcs
  3 ball pythons
  8 bats
  8 giant cockroaches
  10 goblins
  6 hobgoblins
  6 jackals
  2 quokkas
  A giant gecko skeleton (D:4)
  4 giant newts
  A goblin skeleton (D:7)
  2 goblin zombies (D:7)
  4 hobgoblin zombies
  15 kobolds
  A kobold skeleton (D:7)
  4 kobold zombies
  An orc zombie (D:7)
  7 rats
296 creatures vanquished.

Vanquished Creatures (others)
  A tengu conjurer (D:10)
  An orc wizard (D:7)
2 creatures vanquished.

Grand Total: 298 creatures vanquished

Notes
Turn   | Place    | Note
-------+----------+-------------------------------------------
     0 | D:1      | poirepourri the Minotaur Fighter began the quest for the Orb.
     0 | D:1      | Reached XP level 1. HP: 19/19 MP: 0/0
   135 | D:1      | Reached XP level 2. HP: 27/27 MP: 1/1
   728 | D:1      | Reached skill level 3 in Axes
   754 | D:1      | Reached XP level 3. HP: 30/34 MP: 2/2
  1036 | D:2      | Found a basalt altar of Yredelemnul.
  1071 | D:2      | Found a shimmering altar of Xom.
  1110 | D:2      | Reached skill level 1 in Dodging
  1181 | D:2      | Reached XP level 4. HP: 38/41 MP: 3/3
  1186 | D:2      | Reached skill level 5 in Fighting
  1225 | D:2      | Reached skill level 4 in Axes
  1721 | D:3      | Found a burning altar of Makhleb.
  1872 | D:3      | Found a bloodstained altar of Trog.
  1993 | D:3      | Found a snail-covered altar of Cheibriados.
  2080 | D:3      | Reached XP level 5. HP: 41/48 MP: 4/4
  2245 | D:3      | Became a worshipper of Trog the Wrathful
  2492 | D:4      | Found a shadowy altar of Dithmenos.
  2585 | D:4      | Reached skill level 5 in Axes
  2782 | D:4      | Reached XP level 6. HP: 55/57 MP: 5/5
  3000 | D:4      | Reached * piety under Trog
  3018 | D:4      | Reached skill level 6 in Axes
  3267 | D:4      | Reached XP level 7. HP: 64/64 MP: 6/6
  3685 | D:5      | Entered Level 5 of the Dungeon
  3690 | D:5      | Found Varocriu's Book Emporium.
  3736 | D:5      | You fall through a shaft for 3 floors!
  3788 | D:7      | Noticed Pikel
  3889 | D:7      | Found a sparkling altar of Nemelex Xobeh.
  3911 | D:7      | Reached skill level 7 in Axes
  4552 | D:5      | Found a hazy altar of Hepliaklqana.
  4651 | D:5      | Noticed Xiguana's ghost (novice DsGl)
  4667 | D:5      | Killed Xiguana's ghost
  4667 | D:5      | Reached skill level 8 in Axes
  4667 | D:5      | Reached XP level 8. HP: 65/75 MP: 7/7
  4798 | D:5      | Reached ** piety under Trog
  5063 | D:6      | Reached skill level 9 in Axes
  5078 | D:6      | Found Nuicolacw's Distillery.
  5081 | D:6      | Found Raduur's Assorted Antiques.
  5097 | D:6      | Bought a potion of heal wounds for 70 gold pieces
  5097 | D:6      | Bought a potion of heal wounds for 70 gold pieces
  5109 | D:6      | Bought a scroll of identify for 60 gold pieces
  5162 | D:6      | Reached skill level 10 in Axes
  5413 | D:6      | Noticed Sigmund
  5436 | D:6      | Reached skill level 10 in Fighting
  5436 | D:6      | Reached XP level 9. HP: 56/85 MP: 8/8
  5436 | D:6      | Killed Sigmund
  5529 | D:6      | Noticed Menkaure
  5539 | D:6      | Killed Menkaure
  5572 | D:6      | Reached skill level 11 in Axes
  5598 | D:6      | Noticed Grinder
  5612 | D:6      | Killed Grinder
  5809 | D:7      | Found a glowing golden altar of the Shining One.
  5853 | D:7      | Found a staircase to the Ecumenical Temple.
  5864 | Temple   | Entered the Ecumenical Temple
  6030 | D:7      | Reached *** piety under Trog
  6432 | D:7      | Reached skill level 12 in Axes
  6477 | D:7      | Killed Pikel
  6477 | D:7      | Reached skill level 5 in Armour
  6477 | D:7      | Reached XP level 10. HP: 67/96 MP: 9/9
  6717 | D:8      | Found a deep blue altar of Sif Muna.
  6733 | D:8      | Received a gift from Trog
  6810 | D:8      | Reached skill level 5 in Shields
  7494 | D:9      | Noticed an elephant
  7656 | D:9      | Reached **** piety under Trog
  7695 | D:9      | Killed an elephant
  7712 | D:9      | Found a shattered altar of Ashenzari.
  7780 | D:9      | Reached skill level 1 in Evocations
  7930 | D:9      | Found a staircase to the Lair.
  7998 | D:9      | Found a roughly hewn altar of Beogh.
  8009 | D:9      | Reached skill level 13 in Axes
  8185 | D:9      | Reached ***** piety under Trog
  8193 | D:10     | Entered Level 10 of the Dungeon
  8206 | D:10     | Found a glowing silver altar of Zin.
  8221 | D:10     | Noticed a hill giant
  8230 | D:10     | Killed a hill giant
  8234 | D:10     | Reached skill level 5 in Dodging
  8234 | D:10     | Reached XP level 11. HP: 84/104 MP: 10/10
  8240 | D:10     | Found a runed door.
  8289 | D:10     | Noticed a hill giant
  8301 | D:10     | Killed a hill giant
  8327 | D:10     | Found a portal to a secret trove of treasure.
  8826 | D:10     | Noticed a deep elf archer
  8826 | D:10     | Noticed an ettin
  8833 | D:10     | Mangled by an ettin

Vault maps used:
D:1:      dpeg_arrival_rhombi
D:2:      yredelemnul_altar_generic, lemuel_round_altar
D:3:      bloody_trog, lemuel_round_altar, lemuel_coloured_pillars_altar,
          first_bread, grunt_ministairs_10, nrook_mini_backslash
D:4:      grunt_dithmenos_smoke_and_mirrors, minmay_ogre_servants
D:5:      kennysheep_mini, serial_shops, nicolae_shop_statue_plus
D:6:      serial_shops, nicolae_shop_crystal, shop, uniq_sigmund, uniq_menkaure,
          uniq_grinder
D:7:      nicolae_tso_besieged_by_evil, nemelex_xobeh_ov_fountains_minmay,
          uniq_pikel
D:8:      nicolae_overflow_crystal_walls, nicolae_ossuary_entry_giza
D:9:      kennysheep_big_flooded_room, ashenzari_conservatory_becter,
          david_lair_generic, special_room
D:10:     enter_trove_0, basic_altar, grunt_tengu_nest, minivault_13
Temple:   jpeg_temple_clearing

Skill      XL: |  1  2  3  4  5  6  7  8  9 10 |
---------------+-------------------------------+-----
Fighting       | 4 5 6 8 10 11 12 | 12.3
Axes           | 3 4 5 6 8 10 12 13 | 13.3
Dodging        | 1 2 5 |  5.3
Armour         | 5 6 |  6.4
Shields        | 4 6 |  6.9
Evocations     | 1 |  1.1
Stealth        | |  0.5

Action                   |  1- 3 |  4- 6 |  7- 9 | 10-12 || total
-------------------------+-------+-------+-------+-------++-------
Melee: War axe           |    89 |   139 |   278 |   251 ||   757
       Headbutt          |    14 |    20 |    57 |    45 ||   136
Invok: Burn Spellbooks   |       |       |     1 |       ||     1
Evoke: Wand              |       |       |       |     8 ||     8
  Use: Scroll            |    10 |    10 |     8 |     8 ||    36
       Potion            |     2 |       |     9 |     2 ||    13
  Eat: Meat ration       |     1 |       |     1 |     1 ||     3
       Bread ration      |       |     1 |     1 |       ||     2
       Pizza             |       |       |     1 |       ||     1
       Beef jerky        |       |       |     1 |       ||     1
Armor: Scale mail        |    32 |    74 |    76 |    66 ||   248
Dodge: Dodged            |    33 |    43 |    62 |    65 ||   203
Block: Shield            |    69 |   101 |   137 |   145 ||   452
